 Dungeon Crawl Stone Soup version 0.23.0-28-g6fe0f4d (webtiles) character file.

Game seed: 17100300968456025713

210 Borgoz the Ruffian (level 5, -4/45 HPs)
             Began as a Ghoul Warper on Feb 25, 2019.
             Slain by Robin
             ... wielding a +0 short sword
              (5 damage)
             ... on level 2 of the Dungeon.
             The game lasted 00:03:36 (1455 turns).

Borgoz the Ruffian (Ghoul Warper)                   Turns: 1455, Time: 00:03:36

Health: -4/45      AC:  3    Str: 12 (15) XL:     5   Next: 87%
Magic:  7/7        EV: 12    Int:  8      God:
Gold:   48         SH:  0    Dex:  8 (9)  Spells: 6/8 levels left

rFire    . . .     SeeInvis .     - Unarmed
rCold    + . .     Gourm    .   (no shield)
rNeg     + + +     Faith    .   a - +0 leather armour
rPois    ∞         Spirit   .   (no helmet)
rElec    .         Reflect  .   (no cloak)
rCorr    .         Harm     .   (no gloves)
MR       .....                  (no boots)
Stlth    +.........             (no amulet)
HPRegen  0.00/turn              (no ring)
MPRegen  0.10/turn              (no ring)

@: rotting
A: rotting body, claws 1, carnivore, cold resistance 1, negative energy
resistance 3, inhibited regeneration, torment resistance, unbreathing
a: no special abilities


You were on level 2 of the Dungeon.
You were not hungry.

You visited 1 branch of the dungeon, and saw 2 of its levels.

You collected 48 gold pieces.

Inventory:

Missiles
 d - 5 tomahawks of dispersal (quivered)
Armour
 a - a +0 leather armour (worn)
Scrolls
 c - a scroll of blinking
 e - a scroll of amnesia {unknown}
 i - a scroll of enchant weapon
Potions
 b - a potion of resistance
Comestibles
 f - 6 rations


   Skills:
 + Level 3.0 Fighting
 - Level 0.8 Throwing
 + Level 2.2 Armour
 + Level 2.5 Dodging
 + Level 0.3 Stealth
 + Level 4.4 Unarmed Combat
 + Level 2.2 Spellcasting
 + Level 2.7 Translocations


You had 6 spell levels left.
You knew the following spells:

 Your Spells              Type           Power        Failure   Level  Hunger
a - Blink                 Tloc           N/A          22%         2    ###....

Your spell library contained the following spells:

 Spells                   Type           Power        Failure   Level  Hunger
 Shroud of Golubria       Chrm/Tloc      #.........   36%         2    ###....
 Gell's Gravitas          Tloc           #.........   41%         3    ####...
 Lesser Beckoning         Tloc           #.........   41%         3    ####...
 Teleport Other           Tloc           #.......     41%         3    ####...
 Passage of Golubria      Tloc           N/A          82%         4    #####..


Dungeon Overview and Level Annotations

Branches:
Dungeon (2/15)

Altars:
Gozag

Annotations:
D:2 Robin


Innate Abilities, Weirdness & Mutations

Your body is rotting away.
You thrive on raw meat.
You are immune to poison.
You have sharp fingernails.
You are carnivorous and can eat meat at any time.
Your flesh is cold resistant. (rC+)
You are immune to negative energy. (rN+++)
You do not regenerate when monsters are visible.
You are immune to unholy pain and torment.
You can survive without breathing.


Message History

The hobgoblin barely misses you.
Things that are here:
a +0 club; a chunk of flesh; a goblin skeleton Eat a chunk of flesh? (ye/n/q)
You eat the chunk of flesh.
This raw flesh tastes great!
The hobgoblin barely misses you.
The hobgoblin hits you but does no damage.
Okay, then.
Okay, then.
You scratch the hobgoblin.
The hobgoblin is moderately wounded.
The hobgoblin hits you.
* * * LOW HITPOINT WARNING * * *
The hobgoblin barely misses you.
You scratch the hobgoblin.
You kill the hobgoblin!
The hobgoblin closely misses you.
You scratch the hobgoblin but do no damage.
Robin hits you with a +0 short sword.
You die...

#.......#.##
########>..#
### #...#
...#...#
####.#...#
#......>..##
#.###......#
.....#...##
#######@#######
#gg......
#.####### # #)#
# ... # .....
....... ###
......... ...
+.........+


You could see Robin and a hobgoblin.

Vanquished Creatures
  An ogre (D:2)
  Natasha (D:2)
  4 adders (D:2)
  2 oozes (D:1)
  A worm (D:2)
  A leopard gecko (D:1)
  5 bats
  2 giant cockroaches
  16 goblins
  3 hobgoblins
  8 jackals
  5 frilled lizards
  4 kobolds
  2 rats (D:2)
55 creatures vanquished.

Notes
Turn   | Place    | Note
-------+----------+-------------------------------------------
     0 | D:1      | Borgoz the Ghoul Warper began the quest for the Orb.
     0 | D:1      | Reached XP level 1. HP: 17/17 MP: 2/2
   119 | D:1      | Reached XP level 2. HP: 19/24 MP: 4/4
   181 | D:1      | Reached skill level 1 in Armour
   533 | D:1      | Reached XP level 3. HP: 23/30 MP: 5/5
   898 | D:2      | Reached skill level 3 in Unarmed Combat
  1055 | D:2      | Noticed Natasha
  1071 | D:2      | Reached XP level 4. HP: 16/37 MP: 6/6
  1093 | D:2      | Killed Natasha
  1178 | D:2      | Learned a level 2 spell: Blink
  1197 | D:2      | Noticed an ogre
  1202 | D:2      | Killed an ogre
  1202 | D:2      | Reached skill level 4 in Unarmed Combat
  1202 | D:2      | Reached XP level 5. HP: 40/45 MP: 7/7
  1263 | D:2      | Found an opulent altar of Gozag.
  1398 | D:2      | Noticed Robin
  1450 | D:2      | HP: 2/45 [hobgoblin[Robin] (2)]
  1455 | D:2      | Slain by Robin

Skill      XL: |  1  2  3  4 |
---------------+-------------+-----
Spellcasting   | 2 |  2.2
Armour         | 1 2 |  2.2
Dodging        | 2 |  2.5
Unarmed Combat | 3 4 |  4.4
Fighting       | 3 |  3.0
Throwing       | |  0.8
Stealth        | |  0.3
Translocations | |  2.7

Action                   |  1- 3 |  4- 6 || total
-------------------------+-------+-------++-------
Melee: Unarmed           |   129 |    97 ||   226
       Punch             |     1 |     4 ||     5
 Cast: Blink             |       |     1 ||     1
  Use: Potion            |       |     6 ||     6
       Scroll            |       |     2 ||     2
  Eat: Chunk             |     9 |     5 ||    14
Armor: Leather armour    |    31 |    25 ||    56
Dodge: Dodged            |    76 |    99 ||   175
